 Dungeon Crawl Stone Soup version 0.27.1 (webtiles) character file.

Game seed: 8593337723509040199

7 nxtlvl the Ducker (level 1, -1/13 HPs)
             Began as a Deep Elf Monk on Sept 3, 2021.
             Slain by a jackal (2 damage)
             ... on level 3 of the Dungeon.
             The game lasted 00:01:02 (133 turns).

nxtlvl the Ducker (Deep Elf Monk)                    Turns: 133, Time: 00:01:03

Health: -1/13      AC:  2    Str:  8    XL:     1   Next: 91%
Magic:  3/3        EV: 13    Int: 14    God:
Gold:   24         SH:  0    Dex: 17    Spells: 0/0 levels left

rFire    . . .     SeeInvis .   a - +0 short sword
rCold    . . .     Faith    .   (no shield)
rNeg     . . .     Spirit   .   b - +0 robe
rPois    .         Reflect  .   (no helmet)
rElec    .         Harm     .   (no cloak)
rCorr    .         Rampage  .   (no gloves)
Will     .....                  (no boots)
Stlth    ++........             (no amulet)
HPRegen  0.04/turn              (no ring)
MPRegen  0.08/turn              (no ring)

@: no status effects
A: no striking features
a: no special abilities


You were on level 3 of the Dungeon.
You visited 1 branch of the dungeon, and saw 3 of its levels.

You collected 24 gold pieces.

Inventory:

Hand Weapons
 a - a +0 short sword (weapon)
Armour
 b - a +0 robe (worn)
Scrolls
 c - a scroll of magic mapping {unknown}
 d - a scroll of identify {unknown}
 e - a scroll of teleportation {unknown}
Potions
 f - 2 potions of lignification {unknown}


   Skills:
 - Level 2.4 Fighting
 * Level 3.5 Short Blades
 - Level 3.6 Dodging
 - Level 2.4 Stealth


You couldn't memorise any spells.
You didn't know any spells.
Your spell library was empty.

Dungeon Overview and Level Annotations

Branches:
Dungeon (3/15)

Altars:

Annotations:
D:2 Sigmund


Message History

The ball python closely misses you. x2
You closely miss the ball python. The ball python barely misses you.
The ball python misses you.
You barely miss the ball python. The ball python closely misses you.
The ball python grabs you. The ball python constricts you.
* * * LOW HITPOINT WARNING * * *
You hit the ball python.
You kill the ball python!
You now have 8 gold pieces.
Found a stone staircase leading up.
Found a stone staircase leading down.
You now have 24 gold pieces (gained 16).
There is a stone staircase leading up here.
You climb upwards.
There is a stone staircase leading down here.
The helpless rat fails to defend itself.
You puncture the rat!
You kill the rat!
There is a stone staircase leading down here.
You climb downwards.
Level annotation: Sigmund
There is a stone staircase leading up here.
There is a stone staircase leading down here.
You climb downwards.
There is a stone staircase leading up here.
Found a stone staircase leading up.
A jackal comes into view.
A quokka and a jackal come into view.
The jackal barks!
You hear a bark!
A jackal comes into view.
A rat comes into view.
The quokka barely misses you. The quokka bites you.
* * * LOW HITPOINT WARNING * * *
The jackal bites you.
* * * LOW HITPOINT WARNING * * *
The jackal closely misses you.
You hit the jackal.
The jackal is severely wounded.
The jackal misses you. The jackal bites you.
You die...

######## .......##
#
.######..<###.#####
.........rh@......#
#...##..h###......
#......## .##.#
.#.##...# ..
.....#..# #.
##...#.+## #
..#..r...## .
#.#.....#
.r........#


You could see a quokka and 2 jackals.

Vanquished Creatures
  A bat (D:1)
  A goblin (D:1)
  A ball python (D:2)
  6 rats
9 creatures vanquished.

Notes
Turn   | Place    | Note
-------+----------+-------------------------------------------
     0 | D:1      | nxtlvl the Deep Elf Monk began the quest for the Orb.
     0 | D:1      | Reached XP level 1. HP: 13/13 MP: 3/3
    84 | D:2      | Noticed Sigmund
   133 | D:3      | Slain by a jackal

Illustrated notes

Levels and vault maps discovered:
D:1:      elethiomel_arrival_diamonds, layout_basic,
          chequers_ecumenical_altar_lobes, chequers_arboretum
D:2:      layout_rooms, serial_shops, nicolae_shop_window_shopping, uniq_sigmund
D:3:      kennysheep_six_static_rooms, layout_loops_corners,
          beargit_hepliaklqana_dungeon_heroes, mainiacjoe_overflow_24_doors,
          hangedman_decor_points, chequers_serial_rivers_micro_c

Action                   || total
-------------------------++-------
Melee: Short sword       ||    25
 Stab: Sleeping          ||     3
Armor: Robe              ||     1
Dodge: Dodged            ||    21
